Map: Ruins of Endion

Players

StarYcaP

  • Race: Protoss Protoss
  • League: Master

Miszu - Winner!

  • Race: Terran Terran
  • League: Grandmaster

VOD

Have the link to the VOD?

Description

Time

  • Played on: May 17, 2016, 7 a.m.
  • Length: 6:18
Show
View Real Time Build Order
Export as new Build Order

StarYcaP Protoss 

Build Orders: 1 Gate Expand, Blink Stalkers 

Get SALT Encoding   

  12  0:01  Probe (Chrono Boost)  
  13  0:12  Probe (Chrono Boost)  
  14  0:18  Pylon  
  14  0:22  Probe (Chrono Boost)  
  15  0:36  Probe (Chrono Boost)  
  15  0:37  Gateway  
  16  0:47  Probe (Chrono Boost)  
  17  1:09  Nexus  
  17  1:15  Probe (Chrono Boost)  
  18  1:24  Cybernetics Core  
  18  1:26  Probe (Chrono Boost)  
  18  1:30  Assimilator  
  19  1:36  Probe (Chrono Boost)  
  20  1:40  Assimilator  
  20  1:45  Pylon  
  20  1:48  Probe (Chrono Boost)  
  21  1:59  Probe (Chrono Boost)  
  22  2:04  Adept  
  24  2:09  Probe (Chrono Boost)  
  24  2:13  Warp Gate  
  25  2:20  Probe (Chrono Boost)  
  25  2:21  Probe (Chrono Boost)  
  27  2:30  Probe (Chrono Boost)  
  27  2:32  Mothership Core (Chrono Boost)  
  30  2:40  Pylon  
  30  2:41  Probe (Chrono Boost)  
  31  2:51  Probe (Chrono Boost)  
  32  2:53  Probe (Chrono Boost)  
  32  2:55  Robotics Facility  
  33  3:01  Probe (Chrono Boost)  
  33  3:04  Probe (Chrono Boost)  
  35  3:12  Probe (Chrono Boost)  
  36  3:13  Twilight Council  
  36  3:14  Probe (Chrono Boost)  
  37  3:22  Probe (Chrono Boost)  
  37  3:25  Probe (Chrono Boost)  
  39  3:33  Probe (Chrono Boost)  
  40  3:36  Gateway, Probe (Chrono Boost)  
  40  3:40  Gateway  
  41  3:43  Gateway, Probe (Chrono Boost)  
  41  3:46  Observer, Probe (Chrono Boost)  
  44  3:48  Blink (Chrono Boost)  
  44  3:56  Probe  
  44  3:57  Probe  
  46  4:06  Nexus, Probe  
  46  4:09  Probe  
  49  4:10  Observer  
  49  4:18  Assimilator  
  49  4:21  Pylon  
  49  4:22  Assimilator  
  49  4:23  Pylon  
  49  4:24  Probe  
  49  4:25  Probe  
  51  4:34  Forge  
  51  4:35  Probe  
  52  4:38  Probe  
  53  4:45  Probe  
  53  4:51  Probe  
  53  4:52  Immortal (Chrono Boost)  
  59  4:55  Pylon  
  59  4:58  Probe  
  60  5:01  Gateway  
  60  5:03  Probe  
  60  5:06  Pylon  
  61  5:08  Gateway  
  61  5:13  Probe  
  62  5:15  Probe  
  62  5:20  Probe  
  63  5:22  Pylon  
  63  5:25  Probe  
Show
View Real Time Build Order
Export as new Build Order

Miszu Terran - Winner!

Build Orders:  

Get SALT Encoding   

  12  0:00  SCV  
  13  0:12  SCV  
  14  0:20  Supply Depot  
  14  0:25  SCV  
  15  0:42  SCV  
  16  0:44  Barracks  
  16  0:54  SCV  
  17  1:06  SCV  
  18  1:14  Command Center  
  18  1:18  SCV  
  20  1:33  Marine  
  20  1:34  Orbital Command  
  20  1:46  Barracks  
  20  1:51  Marine  
  20  1:53  Barracks  
  21  2:00  SCV  
  22  2:09  Marine  
  22  2:13  Refinery  
  22  2:14  Refinery  
  23  2:26  SCV, Orbital Command  
  23  2:27  Marine  
  25  2:33  Marine  
  26  2:38  SCV  
  26  2:40  Marine  
  28  2:45  Marine  
  28  2:50  SCV  
  30  2:52  SCV  
  30  2:53  Barracks Tech Lab  
  30  2:58  Marine  
  31  3:02  Marine, SCV  
  31  3:04  SCV  
  35  3:11  Supply Depot, Stimpack  
  35  3:14  Marine, SCV  
  35  3:16  SCV  
  38  3:29  Factory  
  38  3:32  Marine x2  
  38  3:33  SCV x2  
  42  3:36  Marine  
  42  3:38  Supply Depot  
  43  3:45  SCV x2  
  45  3:50  Marine  
  46  3:59  Marine, SCV x2  
  46  4:00  Marauder  
  46  4:02  Supply Depot  
  51  4:10  Marine  
  51  4:11  SCV  
  51  4:14  Starport, Factory Reactor  
  53  4:18  Marine  
  53  4:21  Refinery  
  53  4:22  Engineering Bay  
  56  4:24  SCV x2  
  56  4:26  Marauder  
  56  4:28  Marine  
  56  4:29  Supply Depot  
  59  4:36  Barracks Reactor, SCV x2  
  61  4:48  SCV  
  61  4:52  SCV, Missile Turret  
  65  5:00  Barracks Tech Lab  
  65  5:01  Factory Reactor  
  65  5:05  Marine, SCV  
  67  5:07  Refinery, Medivac  
  67  5:08  Medivac  
  67  5:10  Supply Depot  
  67  5:11  Supply Depot  
  67  5:14  Supply Depot  
  69  5:15  SCV  
  70  5:21  Command Center  
  70  5:27  Concussive Shells  
  70  5:32  SCV  
  70  5:43  Medivac  
  70  5:48  Supply Depot  
  70  5:51  Barracks  
  70  5:53  Barracks  
Tags
 
Add a new tag
Caveats
  • Supply blocks, unpowered buildings, or Contaminate may cause inaccurate times.
  • Supply counts are checked every 10 seconds.